[Event "9th Porticcio Open 2024"]
[Site "Porticcio"]
[Date "2024.07.02"]
[Round "5.6"]
[White "Rakotomaharo, Fy Antenaina"]
[Black "Ouellet, Maili-Jade"]
[Result "1-0"]
[ECO "A09"]
[WhiteElo "2448"]
[BlackElo "2290"]
[Annotator "TA"]
[PlyCount "61"]
[EventDate "2024.07.01"]
[EventType "swiss"]
[EventCountry "FRA"]
[SourceTitle "playchess.com"]
[Source "ChessBase"]
[SourceQuality "1"]
[TimeControl "5400+30"]

1. Nf3 d5 2. e3 c5 3. c4 d4 4. b4 dxe3 5. fxe3 cxb4 6. d4 Nf6 7. Bd3 {[%emt 0:01:45][%mdl 1024] White has compensation.} Nbd7 8. O-O Qc7 {[%emt 0:08:30] White has an edge.} 9. a3 e5 {[%emt 0:02:27] [#] ...e4 would now be deadly.} 10. Nbd2 {[%emt 0:00:12] And now c5 would win.} bxa3 (10... b6 $14) 11. Qa4 (11. Qb3 $142) 11... Qc6 $16 12. Qc2 Be7 13. Ne4 (13. Nxe5 $6 Nxe5 14. dxe5 Ng4 $11) (13. dxe5 Ng4 14. Nb3 Ndxe5 (14... Ngxe5 15. Nfd4 $11) 15. Nxe5 Nxe5 $17) 13... Nxe4 14. Bxe4 Qc7 ({Better is} 14... Qh6 $14) 15. Bxh7 {[%emt 0:13:39] White has more active pieces. The black rooks are passive.} ({White should play} 15. Bxa3 $16 Bxa3 16. Rxa3) 15... e4 $2 {[%emt 0:04:21] [#] Black cannot hold the game after this.} 16. Bxe4 $18 (16. Qxe4 $2 Nf6 (16... Qxc4 17. Bxa3 Qe6 18. Qxe6 $16) 17. Qd3 Nxh7 $19 (17... Rxh7 $2 18. Bxa3 Bxa3 19. Qxa3 $19)) 16... Bd6 (16... Nf6 {keeps fighting.} 17. Bd3 (17. Bxa3 O-O $18) 17... Be6) 17. h3 ({Don't do} 17. Bxa3 Bxh2+ 18. Nxh2 Qxh2+ 19. Kf2 Qh4+ (19... Nf6 $2 20. Rh1 $18) 20. g3 Qg5 $18) 17... Nf6 18. Bxa3 Bxa3 19. Rxa3 Bxh3 20. Ne5 ({Don't take} 20. gxh3 $6 Qg3+ 21. Qg2 (21. Kh1 $2 Rxh3+ 22. Nh2 Ng4 $19) 21... Qxg2+ 22. Kxg2 Nxe4) 20... Be6 21. Rb1 Bc8 22. Qa4+ Kd8 (22... Bd7 $142 23. Rxb7 Bxa4 24. Rxc7 Nxe4 25. Rxa4 Rb8) 23. Bf3 {[%emt 0:01:51] White is clearly winning.} Re8 24. Rab3 Re7 25. c5 Ne8 26. Bxb7 Bxb7 27. Rxb7 Qxb7 28. Rxb7 Rxb7 29. Qc6 Rab8 30. Qd5+ Kc8 31. Nxf7 {[%emt 0:00:26] Weighted Error Value: White=0.16 (very precise) /Black=0.57.  Loses game:     	---       	Black=1      Mistake:       	White=2     	Black=4      Inaccurate:     	White=1     	Black=3      OK:         	White=9     	Black=3      Best:        	White=2     	Black=1} 1-0

[Event "9th Porticcio Open 2024"]
[Site "Porticcio"]
[Date "2024.07.02"]
[Round "5.7"]
[White "Nayak Rajesh"]
[Black "Terrieux, Kevin"]
[Result "1-0"]
[ECO "B66"]
[WhiteElo "2185"]
[BlackElo "2408"]
[Annotator "TA"]
[PlyCount "106"]
[EventDate "2024.07.01"]
[EventType "swiss"]
[EventCountry "FRA"]
[SourceTitle "playchess.com"]
[Source "ChessBase"]
[SourceQuality "1"]
[TimeControl "5400+30"]

1. e4 c5 2. Nf3 d6 3. d4 cxd4 4. Nxd4 Nf6 5. Nc3 Nc6 6. Bg5 e6 7. Qd2 Qb6 8. Nb3 a6 9. O-O-O Qc7 10. f4 {[%emt 0:13:13] White is more active.} b5 {[%emt 0:04:49] [#]} 11. e5 dxe5 $11 12. fxe5 Nd7 {[%emt 0:04:23] Black is slightly better.} 13. Ne4 Ncxe5 14. Nd4 (14. Na5 $15) 14... Bb7 $17 15. Qe2 Rc8 16. Kb1 Nc4 $1 17. g3 Bxe4 (17... Qe5 $19 18. Bg2 Bxe4 19. Bxe4 Qxg5) 18. Qxe4 Nc5 {[%emt 0:00:12] Excellent horsemanship.} 19. Qf3 Bd6 (19... Be7 {simplifies} 20. Bxc4 bxc4 21. Bxe7 Qxe7 22. Rhe1 O-O) 20. Bxc4 bxc4 21. Qe2 c3 {[%emt 0:01:48] Hoping for ...cxb2.} 22. Nf5 (22. b3 $17) 22... Be5 $19 23. Be7 $2 (23. Rhe1 {was necessary.} f6 24. Qxe5 fxe5 25. Nd6+ Kf8 26. Nxc8) 23... Qb7 (23... exf5 $2 24. Bd6 Qd7 25. Qxe5+ Ne6 26. Rhf1 $18 (26. bxc3 f6 $16) (26. Qxf5 Qb5 $18)) 24. b3 exf5 $2 (24... Ne4 25. Bd6 Nxd6 26. Rxd6 Qxh1+ 27. Rd1 Qxd1+ 28. Qxd1 exf5) 25. Qxe5 Qxe7 26. Qxg7 Rf8 {[%emt 0:00:35] White must now prevent ...Ne4.} 27. Qxc3 {[%emt 0:00:06] [#]} (27. Qxh7 $17 Qf6 28. Rd5) 27... Qe6 $1 28. Rhe1 Ne4 29. Qb4 Rg8 30. c4 Qe7 31. Qa5 Rc5 32. Qxa6 {[%emt 0:00:16] White wants to mate with Qa8+.} Kf8 33. Qh6+ Rg7 34. g4 $2 (34. Rd3 $17) 34... Re5 (34... fxg4 $142 {Strongly threatening ...Re5.} 35. Re3 Kg8) 35. gxf5 {[%emt 0:00:43][%cal Oe1e4] [#]} f6 $1 (35... Rxf5 36. Qc6 Re5 37. Qc8+ Qe8 38. Rd8 $18) ({Worse is} 35... Nc3+ 36. Kc2 Rxe1 37. f6 Qe4+ 38. Rd3 Re2+ 39. Kxc3 Qe5+ 40. Kb4 Qb8+ 41. Kc3 Qe5+ 42. Kb4 Qb8+ 43. Kc3 Qe5+ $11) 36. Kc2 {[%emt 0:00:52] Prevents Nc3.} Nd6 $2 (36... Kg8 $19 {And now ...Rg2+ would win.} 37. Re2 Rg5 (37... Rxf5 38. Qh3 $17)) 37. Rxe5 $1 $11 Qxe5 38. Rd5 {[%emt 0:00:22] The board is on fire.} Nxf5 39. Rxe5 (39. Qxg7+ $5 Nxg7 40. Rxe5 fxe5 41. Kd3 $17) 39... Nxh6 {[%emt 0:00:09][%mdl 4096] Endgame. KRN-KR} 40. Rh5 Ng4 41. a4 Ke7 {[%emt 0:01:26][%cal Of6f5] Black wants to play ...f5!} 42. a5 Kd6 43. Rd5+ Kc7 {[%emt 0:00:13] aiming for ...Ne3+.} 44. Kc3 Ne5 45. Rd4 Nc6 46. Rf4 Nxa5 {[%emt 0:00:38] The position is equal.} 47. Rxf6 Nc6 48. b4 Re7 49. b5 Ne5 50. h3 Nd7 51. Rh6 Kb7 52. Kb4 Nb6 53. c5 Re4+ {[%emt 0:00:19][%mdl 32768] And White is the lucky defender.   Weighted Error Value: White=0.30/Black=0.29 (precise) .  Loses game:     	White=1     	---        Missed win:     	---       	Black=1      Mistake:       	White=5     	Black=3      Inaccurate:     	White=1     	Black=3      OK:         	White=20    	Black=21     Best:        	White=3     	Black=4      Strong:       	White=1     	Black=1     . Loss on time!?} 1-0

[Event "9th Porticcio Open 2024"]
[Site "Porticcio"]
[Date "2024.07.02"]
[Round "5.8"]
[White "Bulmaga, Irina"]
[Black "Ha, Yihan"]
[Result "1-0"]
[ECO "B12"]
[WhiteElo "2391"]
[BlackElo "2166"]
[Annotator "TA"]
[PlyCount "39"]
[EventDate "2024.07.01"]
[EventType "swiss"]
[EventCountry "FRA"]
[SourceTitle "playchess.com"]
[Source "ChessBase"]
[SourceQuality "1"]
[TimeControl "5400+30"]

1. e4 c6 2. d4 d5 3. e5 Bf5 4. Nf3 e6 5. Be2 c5 6. Be3 cxd4 7. Nxd4 Ne7 8. O-O Nbc6 9. Bb5 Qb8 {[%emt 0:07:19] [#]} (9... Bg6 $11) 10. c4 $1 $16 {[%emt 0:08:35] White is much more active.} Qxe5 {[%emt 0:19:18] [#]} (10... a6 $16) 11. Qa4 $1 $18 {[%emt 0:12:01] White is clearly better.} Qc7 12. Rc1 ({White should play} 12. cxd5 $18 exd5 13. Nc3) 12... dxc4 13. Nd2 (13. Qxc4 $6 e5 14. Nxc6 (14. Bxc6+ bxc6 15. Nxf5 Nxf5 $11) 14... Nxc6 $14) (13. Bxc4 $6 a6 $11) 13... Bd3 (13... f6 $16 {was necessary.} 14. Qxc4 (14. Nxc4 Kf7 $16) 14... Qd7) 14. Nxc4 (14. Bxc4 Bf5 15. Bb5 Rd8 16. Nxf5 (16. Qxa7 Rd7 $18) (16. Bxc6+ Nxc6 17. Nxc6 bxc6 $16) 16... Nxf5 17. Bxc6+ (17. Qxa7 Rd7 $16) 17... bxc6 18. Rxc6 Qd7 $18) 14... Rc8 15. Qxa7 Nd5 {[%emt 0:01:48] Prevents Nb6.} (15... Bxc4 16. Rxc4 h5) 16. Nxc6 {[%emt 0:02:08] White is clearly winning.} bxc6 17. Bxc6+ Ke7 (17... Qxc6 $2 {too greedy.} 18. Ne5) (17... Kd8 $142) 18. Qa3+ ({Less strong is} 18. Qc5+ Kd8 19. Qd4 Qxc6 $18) 18... Kd8 19. Qxd3 Qxc6 20. Nb6 {[%emt 0:00:27] Weighted Error Value: White=0.12 (very precise) /Black=0.86.  Mistake:       	White=1     	Black=5      Inaccurate:     	---       	Black=1      OK:         	White=3     	Black=1      Best:        	White=1     	---        Strong:       	White=1     	---} 1-0

[Event "9th Porticcio Open 2024"]
[Site "Porticcio"]
[Date "2024.07.02"]
[Round "5.9"]
[White "Michalska, Lena"]
[Black "Daulet, Alikhan"]
[Result "0-1"]
[ECO "D33"]
[WhiteElo "1747"]
[BlackElo "1877"]
[Annotator "NA RC"]
[PlyCount "78"]
[EventDate "2024.07.01"]
[EventType "swiss"]
[EventCountry "FRA"]
[SourceTitle "playchess.com"]
[Source "ChessBase"]
[SourceQuality "1"]
[TimeControl "5400+30"]

1. c4 e6 2. g3 d5 3. Bg2 Nf6 4. Nf3 c5 5. cxd5 exd5 6. d4 h6 7. Nc3 Nc6 8. O-O Bg4 9. Be3 cxd4 10. Nxd4 Qd7 11. Re1 Be7 12. Qb3 Rd8 13. Rad1 Na5 14. Qb5 Nc4 15. Nc2 Bf5 16. Nxd5 Qxb5 17. Nc7+ Kf8 18. Rxd8+ Bxd8 19. Nxb5 Bxc2 20. Bc5+ Be7 21. Bxa7 Ba4 22. Nd4 Nxb2 23. Rb1 Ba3 24. Bxb7 Kg8 25. Rc1 Kh7 26. Rc7 Bd6 27. Rc1 Bd7 28. Rc2 Na4 29. Rc4 Re8 30. f4 Ne4 31. Nc6 Nac3 32. Ne5 Bxe5 33. Bxe4+ Nxe4 34. Rxe4 Bb8 35. Rxe8 Bxa7+ 36. e3 Bxe8 37. Kf2 Kg6 38. Kf3 Bc6+ 39. Ke2 Kf5 0-1

[Event "9th Porticcio Open 2024"]
[Site "Porticcio"]
[Date "2024.07.02"]
[Round "5.10"]
[White "Vuitton, Gilles"]
[Black "Don Ignazi, Pierre Ange"]
[Result "1/2-1/2"]
[ECO "E92"]
[WhiteElo "1980"]
[BlackElo "1870"]
[Annotator "NA RC"]
[PlyCount "141"]
[EventDate "2024.07.01"]
[EventType "swiss"]
[EventCountry "FRA"]
[SourceTitle "playchess.com"]
[Source "ChessBase"]
[SourceQuality "1"]
[TimeControl "5400+30"]

1. Nf3 Nf6 2. c4 g6 3. Nc3 Bg7 4. e4 d6 5. d4 O-O 6. Be2 e5 7. d5 Nbd7 8. Bg5 a5 9. Nd2 Nc5 10. h4 {[%emt 0:04:42] E92: King's Indian: Classical: 6 Be2 e5: 7 dxe5, 7 Be3 and Petrosian System without 7...Nbd7.} h6 11. Be3 Qe7 12. h5 g5 13. g4 c6 14. f3 Bd7 15. Nf1 Rfd8 16. Ng3 Ne8 17. O-O Qf8 18. b3 Bf6 19. Qd2 Be7 20. Rac1 Nc7 21. Nf5 Bxf5 22. gxf5 f6 23. Kf2 $16 Kh7 (23... Ne8 $142 24. Kg2 Rdc8) 24. Rh1 Qf7 25. Na4 Ne8 26. Rh2 Nc7 27. Nc3 N7a6 28. Rb1 Nc7 29. Kg3 Qe8 30. Kg4 Qf7 31. Qd1 Ne8 32. a3 Bf8 33. b4 axb4 34. axb4 Nd7 35. Ra1 c5 36. b5 Nb6 37. Bd3 Ng7 38. Na4 Qc7 39. Rha2 Nd7 40. Qb3 b6 41. Nc3 Qb7 42. Ra6 Ne8 43. Qa2 Nc7 44. Ra7 Rxa7 45. Qxa7 Rb8 46. Qxb7 Rxb7 47. Ne2 Be7 48. Kh3 Kg7 49. Kg2 Kf7 50. Kf2 Ke8 51. Ke1 Kd8 52. Kf2 Kc8 53. Ng1 Ne8 54. Ra8+ Nb8 55. Ne2 Bd8 56. Ng3 Rh7 57. Ra1 Kb7 58. Be2 Rg7 59. Kg2 Be7 60. Kh3 Bf8 61. Kg4 Rd7 62. Nh1 Bg7 63. Nf2 Nc7 64. Nh1 Rd8 65. Bd2 Nd7 66. Ng3 Bf8 67. Be3 Bg7 68. Bd2 Bf8 69. Be3 Bg7 70. Bd2 Bf8 71. Be3 1/2-1/2

[Event "9th Porticcio Open 2024"]
[Site "Porticcio"]
[Date "2024.07.02"]
[Round "5.11"]
[White "Bernardi, Alexandre"]
[Black "Bernardi, Nicolas"]
[Result "0-1"]
[ECO "C60"]
[WhiteElo "1866"]
[BlackElo "1832"]
[Annotator "NA RC"]
[PlyCount "88"]
[EventDate "2024.07.01"]
[EventType "swiss"]
[EventCountry "FRA"]
[SourceTitle "playchess.com"]
[Source "ChessBase"]
[SourceQuality "1"]
[TimeControl "5400+30"]

1. e4 e5 2. Nf3 Nc6 3. Bb5 g6 4. c3 Bg7 5. O-O Nge7 6. d4 exd4 7. cxd4 O-O 8. Nc3 h6 9. h3 a6 10. Ba4 b5 11. Bc2 d5 12. e5 Bf5 13. Ne2 Qd7 14. Bf4 Bxc2 15. Qxc2 Rac8 16. Rfc1 Nd8 17. a4 Ne6 18. Bd2 c5 19. Qd3 Nf5 20. Bc3 b4 21. Bd2 c4 22. Qc2 a5 23. g4 Ne7 24. Ng3 Nc6 25. Be3 b3 26. Qd2 Kh7 27. g5 h5 28. Rf1 Nb4 29. Ne1 Rb8 30. h4 Rfc8 31. f4 Bf8 32. f5 Ng7 33. Qe2 Na2 34. f6 Ne6 35. Nxh5 c3 36. Bc1 Nxd4 37. Qg2 gxh5 38. bxc3 Nxc3 39. Qf2 Nce2+ 40. Kh2 b2 41. e6 Qxe6 42. g6+ fxg6 43. Bxb2 Bd6+ 44. Kg2 Qg4+ 0-1

[Event "9th Porticcio Open 2024"]
[Site "Porticcio"]
[Date "2024.07.02"]
[Round "6.3"]
[White "Batsiashvili, Nino"]
[Black "Kuru, Atilla"]
[Result "1-0"]
[ECO "D10"]
[WhiteElo "2450"]
[BlackElo "2314"]
[Annotator "RC"]
[PlyCount "107"]
[EventDate "2024.07.01"]
[EventType "swiss"]
[EventCountry "FRA"]
[SourceTitle "playchess.com"]
[Source "ChessBase"]
[SourceQuality "1"]
[TimeControl "5400+30"]

1. d4 d5 2. c4 c6 3. cxd5 cxd5 4. Bf4 Nc6 5. e3 Nf6 6. Nc3 a6 7. Bd3 Bg4 8. f3 Bh5 9. Qb3 Na5 10. Qa4+ Nc6 11. Rc1 e6 12. Nge2 Bg6 13. Bxg6 hxg6 14. e4 b5 15. Qd1 Rc8 16. O-O dxe4 17. fxe4 e5 18. dxe5 Bc5+ 19. Kh1 Qxd1 20. Nxd1 Nxe4 21. Nec3 Nxc3 22. Nxc3 Ba7 23. Ne4 Bb8 24. e6 Bxf4 25. Rxf4 Ke7 26. Rxf7+ Kxe6 27. Ng5+ Kd6 28. Rxg7 Ne5 29. Rd1+ Kc5 30. Nf3 Nxf3 31. gxf3 Rcf8 32. Rc1+ Kb4 33. Rxg6 Rxf3 34. Rg4+ Ka5 35. Rc6 Rf1+ 36. Kg2 Rb1 37. b4+ Rxb4 38. Rxa6+ Kxa6 39. Rxb4 Ka5 40. Rf4 b4 41. h4 Ka4 42. Kh3 Ka3 43. Rf2 Rh7 44. Rh2 Rh8 45. Kg4 Rg8+ 46. Kf5 Rh8 47. Kg6 Ra8 48. h5 Ra6+ 49. Kg5 Ra5+ 50. Kg4 Ra6 51. Kf4 Rb6 52. h6 Rxh6 53. Rxh6 Kxa2 54. Ra6+ 1-0

[Event "9th Porticcio Open 2024"]
[Site "Porticcio"]
[Date "2024.07.02"]
[Round "6.4"]
[White "Bulmaga, Irina"]
[Black "Rakotomaharo, Fy Antenaina"]
[Result "1-0"]
[ECO "B08"]
[WhiteElo "2391"]
[BlackElo "2448"]
[Annotator "TA"]
[PlyCount "77"]
[EventDate "2024.07.01"]
[EventType "swiss"]
[EventCountry "FRA"]
[SourceTitle "playchess.com"]
[Source "ChessBase"]
[SourceQuality "1"]
[TimeControl "5400+30"]

1. e4 g6 2. d4 Bg7 3. Nc3 d6 4. Nf3 Nf6 5. Be2 a6 6. O-O O-O 7. a4 Nc6 8. h3 e5 9. dxe5 dxe5 10. Bc4 Qe7 11. Nd5 {[%emt 0:15:21] White is slightly better.} Nxd5 12. Bxd5 Rd8 13. Bg5 Bf6 14. Bxf6 Qxf6 15. Qe2 Ne7 16. Rad1 Kg7 17. Qe3 Nxd5 18. exd5 Re8 19. Rfe1 e4 (19... Qd6 $14) 20. Nd2 $16 Qxb2 21. Qc5 (21. Nxe4 $16 {Threatens to win with Rb1.} Bf5 22. Rb1) 21... Bf5 $1 $11 22. Rb1 (22. Qxc7 e3 (22... Rac8 23. Qf4 $15) 23. fxe3 (23. Rxe3 Rxe3 24. fxe3 Qxc2 $15) 23... Bxc2 $11) 22... Qe5 (22... b6 $1 $11 {keeps the balance.}) 23. Rxb7 (23. g4 $1 $16 b6 24. Qc6 (24. Qc4 Bd7 $14)) 23... c6 24. g4 $1 $36 {[%emt 0:08:00][%mdl 2048] White is in control. White is more active.} (24. Qxc6 Rec8 25. Qb6 Rxc2 $11) 24... Be6 {[%emt 0:00:07][%mdl 8192] This move loses the game for Black.} (24... cxd5 $16 25. gxf5 Rac8) 25. Rxe4 $18 Qxd5 26. Qc3+ Kg8 {[%emt 0:00:44] [#]} 27. Re5 $1 Qd8 28. Ne4 $1 Qh4 $2 {[%emt 0:00:40] [#] Black is weak on the dark squares} (28... c5 29. Qf3 (29. Rxc5 Bc8 $18) (29. Nxc5 Rc8 $18) 29... Re7) 29. Rh5 $2 gxh5 30. Nf6+ (30. Qxc6 $2 Reb8 (30... Qxh3 $2 31. Nf6+ Kh8 32. Rb1 $19) (30... hxg4 $2 31. Qc3 $19) 31. Nc5 Qxh3 32. Nxe6 Qxg4+ 33. Kh2 Qxe6 $19 (33... fxe6 $2 34. Rb3 $19)) 30... Qxf6 (30... Kf8 31. Nxe8 (31. Nxh7+ Kg8 $18) 31... Qg5 32. Nf6 $18 (32. Qh8+ Qg8 $11) (32. f4 Qg6 $18)) 31. Qxf6 hxg4 32. hxg4 ({Not} 32. Qg5+ Kf8 33. c4 (33. hxg4 Rab8 $18) 33... Rab8 $18) 32... Rad8 33. Rb1 Rd5 34. Re1 Red8 35. Kh2 a5 36. Kg3 Rb8 37. f4 {[%emt 0:00:46] Intending f5 and mate.} Rd7 38. Qg5+ Kf8 39. Qh6+ {[%emt 0:00:08] Weighted Error Value: White=0.25 (precise) /Black=0.51.  Loses game:     	---       	Black=1      Mistake:       	White=3     	Black=4      Inaccurate:     	White=1     	Black=3      OK:         	White=9     	Black=9      Best:        	White=3     	Black=4      Strong:       	White=3     	Black=1} (39. f5 $142 f6 40. Qh6+ (40. Qxf6+ Bf7 $18) 40... Kg8 41. fxe6) 1-0

[Event "9th Porticcio Open 2024"]
[Site "Porticcio"]
[Date "2024.07.02"]
[Round "6.5"]
[White "Druska, Juraj"]
[Black "Nayak Rajesh"]
[Result "1/2-1/2"]
[ECO "E05"]
[WhiteElo "2466"]
[BlackElo "2185"]
[Annotator "TA"]
[PlyCount "86"]
[EventDate "2024.07.01"]
[EventType "swiss"]
[EventCountry "FRA"]
[SourceTitle "playchess.com"]
[Source "ChessBase"]
[SourceQuality "1"]
[TimeControl "5400+30"]

1. Nf3 Nf6 2. g3 e6 3. Bg2 d5 4. O-O Be7 5. c4 O-O 6. d4 dxc4 7. Qc2 b5 8. a4 Bb7 9. axb5 a6 10. bxa6 {[%emt 0:14:58] White has an edge.} (10. Qxc4 $2 {too greedy.} axb5 11. Qxb5 Bc6 (11... Rxa1 $2 12. Qxb7 Rxb1 13. Qa8 $19) 12. Rxa8 Bxb5 $19) 10... Nxa6 11. Qxc4 Bd5 12. Qc3 c5 13. Be3 Ng4 14. Bf4 (14. dxc5 {simplifies} Nxe3 15. Qxe3 Nxc5 16. Nc3) 14... cxd4 15. Qxd4 Bc5 ({But not} 15... Bxf3 $2 16. Qxd8 Raxd8 17. Bxf3 $18) 16. Qc3 Qb6 17. e3 Qb7 $36 {[%emt 0:15:21][%cal Oc5b4][%mdl 2048] Black is pushing.} 18. Ne1 Bxg2 19. Nxg2 Rfc8 20. Qd2 e5 21. h3 exf4 (21... Rd8 {is interesting.} 22. Qc2 exf4 23. hxg4 fxg3 24. fxg3 Bf8) 22. hxg4 fxg3 23. fxg3 Rd8 24. Qe2 Nc7 25. Rxa8 Rxa8 26. Nc3 Ne6 27. Qf3 Qxf3 28. Rxf3 Rb8 29. Rf2 Rb4 30. Rc2 Rxg4 31. Kf2 g5 32. Nd5 Kg7 {[%emt 0:00:00] Prevents Nf6.} 33. Nc7 Be7 34. Nxe6+ fxe6 $11 {[%emt 0:00:00][%mdl 4096] Endgame. KRB-KRN} 35. Kf3 h5 (35... Rb4 $11 {keeps the balance.}) 36. Ne1 $2 ({White must play} 36. Rc7 $16 {[%cal Oe3e4] Hoping for e4!} Kf6 37. Rxe7 Kxe7 38. e4) 36... Bd6 37. Rg2 {[%emt 0:00:02] [#] aiming for e4.} Rb4 {[%emt 0:00:00] And now ...g4+ would win.} 38. Rd2 Bb8 39. Nd3 {[%emt 0:00:29] Inhibits e5.} Rg4 40. Rg2 Rc4 41. Rd2 (41. g4 $1 $15) 41... Rg4 ({Better is} 41... Kg6 $17) 42. Rg2 {[%emt 0:00:03] [#] Black must now prevent e4.} Rc4 (42... Ra4 $11) 43. Rd2 $17 Rg4 {[%emt 0:11:00] Weighted Error Value: White=0.16 (very precise) /Black=0.15 (very precise) .  Mistake:       	White=2     	Black=4      Inaccurate:     	White=3     	Black=2      OK:         	White=16    	Black=19     Best:        	White=4     	---} (43... Kg6 $17) 1/2-1/2

[Event "9th Porticcio Open 2024"]
[Site "Porticcio"]
[Date "2024.07.02"]
[Round "6.6"]
[White "Roux, Baptiste"]
[Black "Lagarde, Maxime"]
[Result "0-1"]
[ECO "C08"]
[WhiteElo "2352"]
[BlackElo "2604"]
[Annotator "TA"]
[PlyCount "52"]
[EventDate "2024.07.01"]
[EventType "swiss"]
[EventCountry "FRA"]
[SourceTitle "playchess.com"]
[Source "ChessBase"]
[SourceQuality "1"]
[TimeControl "5400+30"]

1. e4 e6 2. d4 d5 3. Nd2 c5 4. exd5 exd5 5. Bb5+ Bd7 6. Qe2+ Be7 7. dxc5 Nf6 8. Ngf3 O-O 9. O-O Re8 10. Bxd7 Nbxd7 11. Nb3 Bxc5 12. Qd3 Bb6 13. Bg5 h6 14. Bh4 Re4 (14... g5 $5 15. Bg3 $8 Ne4 $11) 15. Bg3 Qe7 {[%emt 0:13:01] The position is equal.} 16. Rfe1 Nc5 17. Nxc5 Bxc5 18. Kf1 Re8 19. c3 Qe6 20. h3 a6 21. Rad1 Qf5 22. Qd2 {[%emt 0:05:15] [#]} (22. Rxe4 $15 dxe4 23. Qc2) 22... Rxe1+ $1 $17 23. Nxe1 $2 (23. Rxe1 {nothing else works.} Ne4 24. Qd1) 23... Ne4 $1 $19 {[%emt 0:10:19][%csl LRd2,LRg3] Black is clearly winning.} 24. Qf4 {[%emt 0:00:07] [#]} Qe6 {[%emt 0:00:54] ( -> ...Nxg3+)} (24... Qxf4 25. Bxf4 Bxf2 26. Nd3 $17) 25. Kg1 g5 26. Qf3 {[%emt 0:05:37] [#]} (26. Qg4 $142 Qxg4 27. hxg4 Nxg3 28. Nd3) 26... Nd2 $1 {[%emt 0:00:22][%mdl 512] Weighted Error Value: White=0.72/Black=0.07 (flawless) .  Mistake:       	White=3     	---        Inaccurate:     	White=1     	Black=1      OK:         	White=3     	Black=4      Best:        	White=1     	Black=2      Strong:       	---       	Black=1      Brilliant:      	---       	Black=1} 0-1

[Event "9th Porticcio Open 2024"]
[Site "Porticcio"]
[Date "2024.07.02"]
[Round "6.7"]
[White "Roebers, Eline"]
[Black "Hamdouchi, Hicham"]
[Result "0-1"]
[ECO "B84"]
[WhiteElo "2326"]
[BlackElo "2527"]
[Annotator "TA"]
[PlyCount "78"]
[EventDate "2024.07.01"]
[EventType "swiss"]
[EventCountry "FRA"]
[SourceTitle "playchess.com"]
[Source "ChessBase"]
[SourceQuality "1"]
[TimeControl "5400+30"]

1. e4 c5 2. Nf3 e6 3. d4 cxd4 4. Nxd4 Nc6 5. Nc3 Qc7 6. Be2 a6 7. O-O Nf6 8. Be3 d6 9. a3 Bd7 10. f4 Be7 11. Qe1 {[%emt 0:01:41] White is slightly better.} Rc8 12. Qg3 g6 (12... Nxd4 $11 13. Bxd4 O-O) 13. Kh1 h5 14. f5 (14. Rad1 $14) 14... gxf5 $15 15. exf5 Nxd4 16. Bxd4 e5 17. Be3 Bc6 {[%emt 0:00:48] ...Rg8 would now be deadly.} 18. Bf3 Rg8 (18... d5 $17 {...h4 is the strong threat.} 19. Qh4 d4) 19. Qh4 $1 Bxf3 ({Better is} 19... Nd5 $15 20. Nxd5 Bxh4 21. Nxc7+ Rxc7) 20. Rxf3 $11 Rg4 21. Qe1 d5 $36 {[%emt 0:00:48][%mdl 2048] Black has good play.} 22. h3 Rg8 23. Qh4 (23. Bg1 $11 {and White has nothing to worry.}) 23... e4 24. Rf4 Qe5 {[%emt 0:04:42] Strongly threatening ...d4.} 25. Qf2 Bd6 26. Rd1 Rc4 27. g3 Rxc3 (27... b5 $17 {And now ...Kd7 would win.} 28. Rd2 (28. Bd4 $2 Rxd4 29. Rxd4 Rxg3 $19) 28... Rxc3 29. bxc3 Qxc3) 28. bxc3 $15 Qxc3 29. Bd4 Qxg3 30. Qxg3 Rxg3 31. Rh4 Be7 32. a4 (32. Rf4 $15) 32... Ra3 33. c4 $2 {[%emt 0:01:07][%mdl 8192] [#]} (33. c3 $17) 33... Rd3 $1 $19 ({Worse is} 33... Rxa4 34. cxd5 Kd7 35. d6 Rxd4 36. Rxd4 $15) 34. Rxd3 exd3 {[%emt 0:00:00] KRB-KBN} 35. Rf4 d2 36. Rf1 dxc4 {[%emt 0:00:00] aiming for ...Ne4.} 37. Kg2 Ne4 {[%emt 0:00:00] Threatens to win with ...c3.} 38. Kf3 {[%emt 0:00:06] [#]} c3 $1 39. Kxe4 (39. Bxc3 Nxc3) 39... c2 {[%emt 0:00:00] Weighted Error Value: White=0.73/Black=0.16 (very precise) .  Loses game:     	White=2     	---        Mistake:       	White=2     	Black=4      Inaccurate:     	White=2     	Black=1      OK:         	White=6     	Black=7      Best:        	White=2     	Black=1      Strong:       	White=1     	Black=1} 0-1